 Dungeon Crawl Stone Soup version 0.30.0-29-ga12c61a403 (webtiles) character file.

Game seed: 9920482326327686719

83 Fodor the Trooper (level 4, 0/40 HPs)
             Began as a Minotaur Fighter on June 18, 2023.
             Slain by an orc wizard
             ... wielding a +0 dagger
              (2 damage)
             ... on level 3 of the Dungeon.
             The game lasted 00:08:40 (1398 turns).

Fodor the Trooper (Minotaur Fighter)                Turns: 1398, Time: 00:08:40

Health: 0/40       AC:  8    Str: 23    XL:     4   Next: 22%
Magic:  3/3        EV: 14    Int:  5    God:
Gold:   106        SH:  4    Dex:  9    Spells: 3/3 levels left

rFire   . . .        r - +0 short sword (speed)
rCold   . . .        c - +0 buckler
rNeg    . . .        b - +0 scale mail
rPois   .            (helmet restricted)
rElec   .            (no cloak)
rCorr   .            m - +0 pair of gloves
SInv    .            (no boots)
Will    .....        (no amulet) Stlth
                     i - +5 ring of evasion
HPRegen 0.26/turn    (no ring)
MPRegen 0.08/turn

%: no passive effects
@: no status effects
A: horns 2, retaliatory headbutt
a: no special abilities


You were on level 3 of the Dungeon.
You visited 1 branch of the dungeon, and saw 3 of its levels.

You collected 106 gold pieces.

Inventory:

Hand Weapons
 a - a +0 long sword
 r - a +0 short sword of speed (weapon)
Missiles
 g - 6 poisoned darts (quivered)
 h - 7 stones
Armour
 b - a +0 scale mail (worn)
 c - a +0 buckler (worn)
 m - a +0 pair of gloves (worn)
Jewellery
 i - a +5 ring of evasion (left hand)
Scrolls
 f - a scroll of fear {unknown}
 j - a scroll of poison {unknown}
 k - a scroll of enchant armour {unknown}
 l - a scroll of identify {unknown}
 n - a scroll of teleportation
 o - a scroll of fog {unknown}
Potions
 d - a potion of might
 e - a potion of cancellation {unknown}
 p - a potion of mutation {unknown}
 q - a potion of curing {unknown}
 s - a potion of lignification {unknown}


   Skills:
 + Level 4.2 Fighting
 + Level 0.3(2.1) Short Blades
 + Level 3.7 Long Blades
 + Level 4.2 Armour
 + Level 1.0 Dodging
 + Level 4.2 Shields


You had 3 spell levels left.
You didn't know any spells.
Your spell library contained the following spells:

 Spells                   Type           Power      Damage    Failure   Level
 Cause Fear               Hex            0%         N/A       100%        4
 Dragon Form              Tmut           0%         N/A       100%        7
 Dragon's Call            Summ           0%         N/A       100%        9


Dungeon Overview and Level Annotations

Branches:
Dungeon (3/15)

Altars:
Yredelemnul

Shops:
D:2 (!


Innate Abilities, Weirdness & Mutations

You have a pair of horns on your head.
You reflexively headbutt those who attack you in melee.


Message History

* * * LOW HITPOINT WARNING * * *
The orc priest closely misses you. You furiously retaliate!
You headbutt the orc priest!
You kill the orc priest!
Your Dodging skill increases to level 1!
You have reached level 4!
You feel stronger.
You hit the orc wizard but do no damage.
You headbutt the orc wizard.
The orc wizard is heavily wounded.
The orc wizard gestures wildly while chanting.
The orc wizard flickers and vanishes!
Deactivating autopickup; reactivate with Ctrl-A.
The orc hits you but does no damage.
You closely miss something. Your headbutt misses something. The orc misses you.
The orc hits you but does no damage.
You closely miss something. The orc misses you. Something barely misses you.
The orc closely misses you. x2
You closely miss something. The orc barely misses you.
Something hits you but does no damage.
You hit something but do no damage. The orc closely misses you.
You furiously retaliate!
You headbutt the orc. You block the orc's attack.
You miss something. Something hits you but does no damage.
The orc barely misses you.
You hit something. Your headbutt misses something. The orc closely misses you.
You furiously retaliate!
You headbutt the orc!
You kill the orc!
The orc hits you but does no damage.
You barely miss something. Your headbutt misses something.
The orc hits you with a +0 flail.
* * * LOW HITPOINT WARNING * * *
You block something's attack. The orc closely misses you.
You furiously retaliate!
You headbutt the orc. You hit something. Your headbutt misses something.
Something hits you but does no damage.
The orc splashes around in the water.
You hit something but do no damage. The orc hits you but does no damage.
You miss something. Something hits you but does no damage. The orc misses you.
You barely miss something. The orc hits you but does no damage.
You hit something. Your headbutt misses something. Something hits you.
You die...

#.........# ###...#
#.........###.......
#.................#
#...#.............#
#...#...~....~....#
### ##.......)....#
#....~~.....###
#....~~.{.....+
#.....)@o..<..#
....~...)o.=..##
##.............#
#............##
#....###.....# ####
#..##.# #... .. #..#
##


You could see 2 orcs.

Vanquished Creatures
  An orc priest (D:3)
  An adder (D:2)
  A worm (D:2)
  An orc (D:3)
  4 bats
  5 endoplasms
  2 giant cockroaches
  5 hobgoblins
  A quokka (D:1)
  4 ball pythons
  5 goblins
  6 kobolds
  3 rats (D:1)
39 creatures vanquished.

Notes
Turn   | Place    | Note
-------+----------+-------------------------------------------
     0 | D:1      | Fodor the Minotaur Fighter began the quest for the Orb.
     0 | D:1      | Reached XP level 1. HP: 19/19 MP: 0/0
   134 | D:1      | Reached XP level 2. HP: 26/27 MP: 1/1
   694 | D:2      | Reached XP level 3. HP: 28/33 MP: 2/2
  1076 | D:2      | Found a basalt altar of Yredelemnul.
  1150 | D:2      | Found Hempups's Distillery.
  1160 | D:2      | Found Suil's Antique Weapon Emporium.
  1386 | D:3      | Reached skill level 1 in Dodging
  1386 | D:3      | Reached XP level 4. HP: 2/40 MP: 3/3
  1393 | D:3      | HP: 1/40 [orc/+0 flail (2)]
  1398 | D:3      | Slain by an orc wizard

Illustrated notes

Levels and vault maps discovered:
D:1:      wheals_arrival_shading, layout_rooms, minmay_misc_feat_x
D:2:      layout_basic, serial_shops, shop, shop, basic_altar, serial_bayou,
          serial_bayou_shore_b, serial_bayou_lagoon_a, serial_bayou_pond_d
D:3:      layout_basic, mainiacjoe_overflow_brackets,
          nicolae_dithmenos_through_a_glass_darkly,
          hellmonk_ecumenical_altar_inner_sanctum, skrybe_limestone_x,
          grunt_ministairs_15, dreamdust_princess_corridor, minivault_19

Skill      XL: |  1  2  3 |
---------------+----------+-----
Armour         | 4 |  4.2
Long Blades    | 3 |  3.7
Fighting       | 4 |  4.2
Shields        | 4 |  4.2
Dodging        | 1 |  1.0
Short Blades   | |  0.3

Action                     |  1- 3 |  4- 6 || total
---------------------------+-------+-------++-------
  Melee: Long sword        |    68 |       ||    68
         Headbutt          |    12 |     1 ||    13
         Short sword       |    35 |    13 ||    48
    Use: Scroll            |     1 |       ||     1
 Armour: Scale mail        |    41 |     9 ||    50
  Dodge: Dodged            |    64 |    11 ||    75
  Block: Buckler           |    30 |     2 ||    32
